Map: Tourmaline LE

Players

Sgtsadsack - Winner!

  • Race: Zerg Zerg
  • League: Diamond
  • Spawn Location: 7:00

Bison

  • Race: Protoss Protoss
  • League: Diamond
  • Spawn Location: 1:00

VOD

Have the link to the VOD?

Description

Time

  • Played on: Jan. 9, 2026, 11:08 a.m.
  • Length: 11:46
Show
View Real Time Build Order
Export as new Build Order

Sgtsadsack Zerg - Winner!

Build Orders: Hatch First 

Get SALT Encoding   

  12  0:00  Drone  
  13  0:09  Drone  
  14  0:14  Extractor  
  14  0:15  Drone  
  15  0:21  Overlord  
  15  0:40  Drone  
  16  0:45  Hatchery  
  16  0:49  Drone  
  16  0:52  Drone  
  17  0:57  Drone  
  18  1:07  Extractor  
  17  1:12  Spawning Pool  
  17  1:14  Drone  
  17  1:17  Drone  
  18  1:27  Drone  
  19  1:45  Drone  
  20  1:49  Drone  
  21  1:59  Queen x2  
  21  2:00  Overlord  
  25  2:01  Drone  
  26  2:09  Drone  
  26  2:11  Drone  
  26  2:15  Metabolic Boost  
  28  2:20  Drone x2  
  30  2:29  Drone  
  31  2:31  Drone  
  31  2:35  Queen  
  34  2:43  Hatchery  
  33  2:46  Overlord  
  33  2:50  Drone  
  34  2:55  Zergling x4  
  36  3:08  Drone x4  
  36  3:11  Zergling x4  
  41  3:26  Drone  
  41  3:27  Spore Crawler, Drone x2  
  41  3:28  Drone x2  
  44  3:38  Overlord  
  44  3:39  Overlord  
  44  3:40  Overlord x2  
  44  3:42  Spore Crawler  
  43  3:49  Drone  
  43  3:54  Queen  
  43  3:55  Spore Crawler  
  45  3:59  Drone x2  
  45  4:00  Drone x4  
  52  4:07  Drone x2  
  54  4:11  Drone  
  57  4:17  Drone x5  
  57  4:22  Spore Crawler  
  57  4:23  Evolution Chamber  
  57  4:26  Queen  
  57  4:33  Drone  
  57  4:34  Drone x3  
  57  4:36  Drone  
  57  4:37  Drone  
  63  4:43  Lair  
  63  4:44  Hatchery  
  62  4:52  Zerg Melee Weapons Level 1  
  62  4:55  Baneling Nest, Drone x2  
  62  4:56  Drone x4  
  62  4:58  Extractor  
  62  4:59  Extractor x2  
  64  5:06  Drone x3  
  67  5:07  Drone x3  
  67  5:08  Drone x2  
  72  5:22  Zergling x2, Overlord  
  72  5:23  Overlord x6  
  72  5:27  Spore Crawler  
  72  5:48  Drone x3  
  72  5:49  Drone x6  
  79  5:51  Queen x3  
  83  6:01  Queen  
  85  6:05  Centrifugal Hooks, Hydralisk Den  
  85  6:06  Extractor  
  85  6:07  Drone x3  
  85  6:08  Drone x2  
  88  6:12  Zergling x2  
  88  6:13  Zergling x16, Spore Crawler  
  88  6:14  Overseer  
  96  6:19  Drone x2  
  96  6:21  Extractor  
  96  6:22  Drone x2  
  96  6:25  Overseer  
  99  6:33  Baneling x9  
  99  6:35  Zergling x18  
  99  6:39  Grooved Spines  
  108  6:46  Hydralisk x5  
  110  6:53  Overlord x6  
  117  7:07  Zergling x24  
  128  7:09  Zerg Melee Weapons Level 2  
  126  7:18  Zergling x16  
  131  7:25  Hydralisk x5  
  139  7:30  Muscular Augments, Zergling x2  
  140  7:38  Drone x4  
  140  7:40  Extractor  
  143  7:46  Hydralisk x2  
  147  7:53  Hydralisk  
  147  7:54  Hydralisk x2  
  153  7:59  Drone  
  153  8:03  Zergling x10  
  153  8:04  Hydralisk x3  
  162  8:06  Pneumatized Carapace  
  151  8:13  Hydralisk x6  
  151  8:17  Hydralisk x2  
  141  8:22  Zergling x4  
  137  8:27  Hydralisk  
  137  8:28  Extractor  
  137  8:30  Hydralisk  
  137  8:34  Baneling x10  
  138  8:41  Hydralisk x6  
  138  8:43  Zergling x14  
  157  8:49  Hydralisk x2  
  157  8:54  Zergling x4  
  163  8:57  Zergling x2  
  163  9:00  Infestation Pit  
  163  9:01  Hatchery  
  163  9:02  Zergling x8  
  166  9:03  Overseer x2  
  166  9:06  Hydralisk x3  
  172  9:10  Baneling x3  
  172  9:11  Baneling  
  172  9:12  Zergling x18  
  181  9:18  Zergling x4  
  183  9:24  Zergling x2  
  183  9:25  Overlord  
  183  9:26  Overlord  
  177  9:40  Zergling x18  
  177  9:41  Zergling x6  
  175  9:46  Zergling x8  
  172  9:53  Hydralisk  
  172  9:54  Hydralisk x2  
  172  9:59  Zergling x2  
  169  10:03  Hydralisk x6  
  173  10:09  Hydralisk x6  
  173  10:14  Overseer  
  163  10:16  Zergling x6  
  163  10:19  Hive  
  164  10:25  Hydralisk  
  164  10:26  Hydralisk x5  
  165  10:30  Zergling x8  
  165  10:34  Zergling x4  
  167  10:37  Baneling x15  
  167  10:38  Baneling  
  167  10:40  Zergling x6  
  170  10:55  Zergling x2  
  170  10:56  Zergling x18  
  166  11:19  Zergling x2  
  166  11:20  Zergling x36  
Show
View Real Time Build Order
Export as new Build Order

Bison Protoss 

Build Orders: 1 Gate Expand, Oracle Opening 

Get SALT Encoding   

  12  0:00  Probe  
  13  0:12  Probe  
  14  0:19  Pylon  
  14  0:24  Probe  
  15  0:35  Probe  
  15  0:40  Gateway  
  16  0:43  Probe  
  16  0:48  Assimilator  
  17  0:52  Probe  
  18  0:58  Assimilator  
  18  1:01  Probe  
  19  1:09  Probe  
  19  1:18  Probe  
  21  1:36  Nexus  
  21  1:51  Cybernetics Core  
  21  1:52  Probe  
  22  2:01  Pylon  
  22  2:05  Probe  
  23  2:19  Probe, Adept  
  24  2:29  Stargate  
  26  2:31  Probe  
  26  2:33  Warp Gate  
  27  2:43  Probe  
  28  2:44  Pylon  
  28  2:49  Probe  
  29  2:52  Adept  
  31  3:02  Gateway  
  31  3:04  Probe  
  32  3:09  Assimilator  
  32  3:12  Probe  
  33  3:20  Probe  
  33  3:22  Oracle  
  33  3:24  Probe  
  30  3:27  Stalker  
  35  3:33  Probe  
  39  3:39  Twilight Council  
  39  3:42  Probe  
  39  3:45  Probe  
  41  3:51  Oracle  
  41  3:54  Probe  
  42  3:57  Probe  
  46  4:06  Probe  
  46  4:09  Probe  
  48  4:14  Blink  
  46  4:21  Probe x2  
  47  4:24  Oracle  
  47  4:36  Nexus  
  50  4:38  Pylon  
  50  4:40  Probe x2  
  52  4:49  Pylon, Stalker  
  54  4:57  Stalker  
  56  5:02  Gateway  
  56  5:07  Probe x2  
  56  5:11  Assimilator  
  56  5:12  Stalker  
  60  5:19  Probe  
  60  5:20  Probe, Templar Archives  
  62  5:24  Forge  
  62  5:30  Pylon  
  62  5:32  Probe x2  
  64  5:51  Protoss Ground Weapons Level 1, Probe x2  
  64  5:55  Probe  
  67  5:57  Psionic Storm  
  67  5:58  Stalker x3  
  67  6:03  Probe  
  74  6:06  Probe  
  74  6:07  Probe  
  76  6:14  Gateway  
  76  6:15  Probe  
  76  6:16  Gateway  
  76  6:18  Gateway  
  77  6:25  Probe x2  
  79  6:28  Probe, Stalker  
  79  6:29  Stalker, Pylon  
  79  6:30  Charge  
  84  6:33  Stalker  
  84  6:37  Probe  
  84  6:39  Probe  
  88  6:40  Probe  
  89  6:48  Pylon  
  89  6:49  Probe  
  89  6:52  High Templar  
  89  6:53  High Templar  
  94  6:56  Stalker  
  82  7:31  Stalker x4  
  82  7:32  High Templar  
  82  7:34  Probe  
  82  7:35  Probe  
  90  7:37  Assimilator  
  90  7:40  Gateway  
  90  7:41  Assimilator, Gateway  
  88  7:44  Gateway  
  88  7:50  Zealot  
  90  8:05  Nexus  
  90  8:07  Zealot x4  
  90  8:08  Zealot, Pylon  
  89  8:24  Protoss Ground Weapons Level 2  
  89  8:31  High Templar x5  
  89  8:32  Zealot  
  101  8:45  Photon Cannon  
  101  8:46  Photon Cannon  
  101  8:47  Probe x3  
  104  8:55  Zealot x3  
  110  9:01  Gateway x2  
  110  9:04  Photon Cannon  
  110  9:05  Photon Cannon  
  110  9:06  Photon Cannon, Pylon  
  110  9:07  Photon Cannon  
  110  9:08  Probe x3  
  110  9:09  Stalker  
  115  9:10  Stalker  
  115  9:11  Pylon  
  117  9:17  High Templar x3  
  117  9:19  Zealot x4  
  117  9:20  Probe  
  132  9:24  Probe x2  
  132  9:25  Robotics Facility  
  132  9:27  Robotics Facility  
  81  9:54  Zealot  
  81  9:55  Zealot x7  
  58  10:22  Zealot x3  
  58  10:23  Zealot x2, High Templar  
  58  10:24  High Templar, Zealot  
  58  10:28  Immortal x2  
  70  10:34  Stalker  
  66  10:41  High Templar x2  
  78  10:48  Pylon  
  78  10:49  Pylon  
  78  10:51  Pylon  
  78  10:53  Pylon  
  77  11:08  Archon  
  77  11:10  Archon  
  62  11:18  Zealot x2  
  62  11:19  Zealot x5  
Tags
 
Add a new tag
Caveats
  • Supply blocks, unpowered buildings, or Contaminate may cause inaccurate times.
  • Supply counts are checked every 10 seconds.